 Dungeon Crawl Stone Soup version 0.21.0 (webtiles) character file.

196 TheDeThijs the Chopper (level 5, -1/46 HPs)
             Began as a Hill Orc Fighter on Jan 6, 2018.
             Splashed by a jelly's acid (10 damage)
             ... on level 4 of the Dungeon.
             The game lasted 00:08:39 (2951 turns).

TheDeThijs the Chopper (Hill Orc Fighter)           Turns: 2951, Time: 00:08:41

Health: -1/46      AC:  8    Str: 19    XL:     5   Next: 75%
Magic:  5/5        EV:  7    Int:  8    God:
Gold:   215        SH:  9    Dex: 11    Spells: 4/4 levels left

rFire    + . .     SeeInvis .   a - +0 war axe
rCold    . . .     Gourm    .   c - +0 shield
rNeg     . . .     Faith    .   r - +0 scale mail (curse)
rPois    .         Spirit   .   q - +0 helmet (curse)
rElec    .         Reflect  .   (no cloak)
rCorr    .         Harm     .   (no gloves)
MR       .....                  (no boots)
Stlth    ..........             o - amulet of rage
HPRegen  0.15/turn              l - ring of protection from fire
MPRegen  0.09/turn              (no ring)

@: no status effects
A: no striking features
a: Evoke Berserk Rage


You were on level 4 of the Dungeon.
You were not hungry.

You visited 1 branch of the dungeon, and saw 4 of its levels.

You collected 215 gold pieces.

Inventory:

Hand Weapons
 a - a +0 war axe (weapon)
Armour
 c - a +0 shield (worn)
 q - a cursed +0 helmet (worn)
 r - a cursed +0 scale mail (worn)
 u - a +2 chain mail of magic resistance
Jewellery
 l - a ring of protection from fire (left hand)
 o - an amulet of rage (around neck)
Scrolls
 b - 2 scrolls of enchant armour {unknown}
 e - 2 scrolls of immolation {unknown}
 h - a scroll of remove curse
 i - 4 scrolls of teleportation
 j - 2 scrolls of identify
Potions
 d - 3 potions of might
 g - a potion of lignification {unknown}
 m - a potion of ambrosia {unknown}
 n - a potion of berserk rage {unknown}
 t - a potion of degeneration {unknown}
Books
 s - a book of Misfortune

   Spells                             Type                      Level
   a - Confusing Touch                Hexes                        1
   b - Confuse                        Hexes                        3
   c - Gell's Gravitas                Translocation                3
   d - Petrify                        Transmutation/Earth          4
   e - Metabolic Englaciation         Hexes/Ice                    5
   f - Yara's Violent Unravelling     Hexes/Transmutation          5
Comestibles
 f - 5 rations


   Skills:
 + Level 4.2 Fighting
 * Level 6.2 Axes
 - Level 4.0 Armour
 + Level 3.9 Shields


You had 4 spell levels left.
You didn't know any spells.

Dungeon Overview and Level Annotations

Branches:
Dungeon (4/15)
 Temple: D:4-7

Altars:
Qazlal
Trog
Xom


Message History

The floor.
Your shield and scale mail prevent you from hitting the jelly.
The jelly is severely wounded.
You block the jelly's attack.
You hit the jelly but do no damage.
Your hands burn!
* * * LOW HITPOINT WARNING * * *
The jelly is severely wounded.
The jelly hits you but does no damage. The jelly hits you but does no damage.
The jelly hits you but does no damage.
You are no longer corroded.
You see here a jackal corpse.
You see here a ration.
You completely miss the jelly.
The jelly is severely wounded.
The jelly jiggles.
The jelly hits you.
* * * LOW HITPOINT WARNING * * *
You are splashed with acid!
The acid burns!
You die...

#.......#
#.......#
#.......#
#.......#
#.......#
#.......#
#......†######
#.....†.J....#
#........@...#
#............#
#............#
#............#
#............#
#............#
#............#
#............#


You could see a jelly.

Vanquished Creatures
  Crazy Yiuf (D:2)
  A gnoll shaman (D:4)
  A worker ant (D:4)
  A gnoll (D:4)
  5 adders
  An ooze (D:2)
  An adder skeleton (D:4)
  2 dart slugs (D:1)
  2 leopard geckos
  3 bats (D:2)
  2 giant cockroaches
  5 goblins
  5 hobgoblins
  7 jackals
  A quokka (D:2)
  2 frilled lizards
  4 kobolds (D:1)
  7 rats
51 creatures vanquished.

Notes
Turn   | Place    | Note
-------+----------+-------------------------------------------
     0 | D:1      | TheDeThijs the Hill Orc Fighter began the quest for the Orb.
     0 | D:1      | Reached XP level 1. HP: 19/19 MP: 1/1
   180 | D:1      | Reached XP level 2. HP: 27/27 MP: 2/2
   210 | D:1      | Reached skill level 3 in Axes
   349 | D:1      | Reached XP level 3. HP: 33/33 MP: 3/3
   713 | D:2      | Reached skill level 4 in Axes
  1120 | D:2      | Reached XP level 4. HP: 40/40 MP: 4/4
  1458 | D:2      | Found a runed door.
  1695 | D:2      | Noticed Crazy Yiuf
  1707 | D:2      | Killed Crazy Yiuf
  1707 | D:2      | Reached skill level 5 in Axes
  2142 | D:3      | Reached XP level 5. HP: 25/46 MP: 5/5
  2296 | D:3      | Found a bloodstained altar of Trog.
  2476 | D:3      | Found a shimmering altar of Xom.
  2500 | D:3      | Found a stormy altar of Qazlal.
  2902 | D:4      | Reached skill level 6 in Axes
  2951 | D:4      | Splashed by a jelly's acid

Skill      XL: |  1  2  3  4  5 |
---------------+----------------+-----
Axes           | 3 4 5 6 |  6.2
Fighting       | 4 |  4.2
Armour         | 4 |  4.0
Shields        | |  3.9

Action                   |  1- 3 |  4- 6 || total
-------------------------+-------+-------++-------
Melee: War axe           |    69 |   116 ||   185
  Use: Scroll            |     2 |     2 ||     4
       Potion            |       |     5 ||     5
  Eat: Chunk             |     1 |       ||     1
       Ration            |       |     2 ||     2
Armor: Scale mail        |    27 |    75 ||   102
Dodge: Dodged            |    25 |    32 ||    57
Block: Shield            |    39 |    63 ||   102
